 Dungeon Crawl Stone Soup version 0.31-a0-233-g139696dc86 (webtiles) character file.

Game seed: 13280931797494268235

67 qw the Shooter (level 3, -4/29 HPs)
             Began as a Minotaur Hexslinger on July 9, 2023.
             Killed from afar by an orc wizard (8 damage)
             ... with a magic dart
             ... on level 2 of the Dungeon.
             The game lasted 00:00:30 (1427 turns).

qw the Shooter (Minotaur Hexslinger)                Turns: 1427, Time: 00:00:30

Health: -4/29      AC:  2    Str: 12    XL:     3   Next: 98%
Magic:  3/3        EV: 12    Int: 10    God:
Gold:   74         SH:  0    Dex: 14    Spells: 3/4 levels left

rFire   . . .        Y - +1 sling
rCold   . . .        (no shield)
rNeg    . . .        c - +0 robe
rPois   .            (helmet restricted)
rElec   .            (no cloak)
rCorr   .            (no gloves)
SInv    .            (no boots)
Will    .....        g - amulet of the acrobat
Stlth   +            (no ring)
HPRegen 0.24/turn    (no ring)
MPRegen 0.08/turn

%: acrobat
@: no status effects
A: horns 2, retaliatory headbutt
a: no special abilities


You were on level 2 of the Dungeon.
You visited 1 branch of the dungeon, and saw 3 of its levels.

You collected 74 gold pieces.


Innate Abilities, Weirdness & Mutations

You have a pair of horns on your head.
You reflexively headbutt those who attack you in melee.


   Skills:
 - Level 2.0 Fighting
 + Level 4.5 Ranged Weapons
 - Level 2.1 Dodging
 - Level 1.0 Spellcasting
 - Level 2.0 Hexes


You had 3 spell levels left.
You knew the following spells:

 Your Spells              Type           Power      Damage    Failure   Level
a - Slow                  Hex            16%        N/A       16%         1

Your spell library contained the following spells:

 Spells                   Type           Power      Damage    Failure   Level
 Inner Flame              Hex/Fire       2%         N/A       56%         3
 Portal Projectile        Hex/Tloc       4%         N/A       56%         3
 Cause Fear               Hex            2%         N/A       83%         4

Inventory:

Hand Weapons
 Y - a +1 sling (weapon)
Armour
 c - a +0 robe (worn)
Jewellery
 g - an amulet of the acrobat (around neck)
Scrolls
 a - a scroll of identify
Potions
 b - a potion of heal wounds {unknown}
 d - a potion of enlightenment {unknown}
 e - a potion of berserk rage {unknown}
 f - a potion of attraction {unknown}
 h - a potion of curing {unknown}

Dungeon Overview and Level Annotations

Branches:
Dungeon (3/15)

Altars:


Message History

The orc barely misses you. The adder misses you. You furiously retaliate!
You headbutt the adder!
You kill the adder!
The orc closely misses you.
You shoot a sling bullet.
The sling bullet hits the orc but does no damage.
The orc hits you with a +0 dagger.
You shoot a sling bullet. The sling bullet barely misses the orc.
The orc barely misses you.
You shoot a sling bullet. The sling bullet barely misses the orc.
The orc hits you but does no damage.
You shoot a sling bullet.
The sling bullet hits the orc but does no damage.
The orc barely misses you. You furiously retaliate!
You headbutt the orc!
You kill the orc!
You start resting.
HP restored.
Done exploring.
(D) Dungeon
Where to? (* - list waypoints, Enter - D:3, ? - help)
What level of the Dungeon? (default 1, ? - help)
You climb downwards.
The orc closely misses you.
The orc wizard hits you with a +0 dagger.
The orc hits you with a +0 falchion!
There is a stone staircase leading up here.
1424 ||| STAIRDANCE The orc wizard hits you with a +0 dagger.
The orc hits you with a +0 falchion!
You climb upwards.
There is a stone staircase leading down here.
You shoot a sling bullet.
The sling bullet closely misses the orc wizard.
The orc splashes around in the water.
The orc wizard hits you with a +0 dagger.
You shoot a sling bullet. The sling bullet hits the orc wizard.
The orc wizard is heavily wounded.
The orc hits you with a +0 falchion.
The orc wizard gestures at you while chanting.
The magic dart hits you!
You die... 77777

P~~~77 ~~~~P777 ~~~~~P~77
~~~~~~~~7 ~~~~~~P~7 ##########
~~~~~~~~7 #......... ~~~~~~~~7
##########.######## ~~~~~~~~#
#[@P.........##### ~~~P~~~P#
#o7o~P.......(...#
~~~P~P~~#######.~~~.####.#[###.##
P~~PP~~~....)...P~~.# #.#.##...#
PP.PPPP~........#.P.# #.........
^..~P.~~......#.#..## ###..#...#
..........#.........# ##.##.##
..........#.#.#.##..# #.##.%#
....##..###.#.#.##..# #.###.#


You could see an orc wizard and an orc.

Vanquished Creatures
  3 adders (D:2)
  A worm (D:2)
  An orc (D:2)
  4 bats
  3 endoplasms
  A giant cockroach (D:2)
  3 goblins
  7 hobgoblins
  3 jackals (D:1)
  4 ball pythons
  2 frilled lizards (D:1)
  3 kobolds (D:1)
35 creatures vanquished.

Notes
Turn   | Place    | Note
-------+----------+-------------------------------------------
     0 | D:1      | qw the Minotaur Hexslinger began the quest for the Orb.
     0 | D:1      | Reached XP level 1. HP: 16/16 MP: 1/1
     0 | D:1      | 0 ||| qw: Version: 0.3-a-51-g015441d
     0 | D:1      | 0 ||| qw: Game counter: 3997
     0 | D:1      | 0 ||| qw: Melee chars always use a shield: true
     0 | D:1      | 0 ||| qw: God list: Okawaru
     0 | D:1      | 0 ||| qw: Allow faded altars: false
     0 | D:1      | 0 ||| qw: Do Orc after clearing Dungeon:15 true
     0 | D:1      | 0 ||| qw: Do second Lair branch before Depths: true
     0 | D:1      | 0 ||| qw: Lair rune preference: random
     0 | D:1      | 0 ||| qw: Goals: Normal
     0 | D:1      | 0 ||| PLANNING D:1-11
   139 | D:1      | Reached skill level 3 in Ranged Weapons
   139 | D:1      | Reached XP level 2. HP: 23/23 MP: 2/2
   418 | D:1      | 418 ||| UPGRADING to amulet of the acrobat.
   423 | D:1      | 423 ||| READING scroll labelled UMAODOEM RAMU.
   424 | D:1      | 424 ||| READING scroll labelled JOAWISE CYUQ.
   425 | D:1      | 425 ||| DROPPING scroll of poison.
   452 | D:2      | Reached XP level 3. HP: 24/29 MP: 3/3
   655 | D:2      | Reached skill level 4 in Ranged Weapons
   657 | D:2      | HP: 7/29 [poisoned by an adder]
   900 | D:2      | 900 ||| Stepping ~*~*~tactically~*~*~ (water).
  1313 | D:2      | 1313 ||| READING scroll labelled UGYNLO ZUSCH.
  1389 | D:3      | 1389 ||| STAIRDANCE
  1424 | D:3      | 1424 ||| STAIRDANCE
  1427 | D:2      | HP: 4/29 [orc/+0 falchion (6)]
  1427 | D:2      | Killed from afar by an orc wizard

Levels and vault maps discovered:
D:1:      nzn_arrival_water_spiral, layout_rooms, amethyst_killhole
D:2:      wander_river, layout_loops_ring, serial_bayou, serial_bayou_shore_b,
          serial_bayou_shore_a, serial_bayou_pond_e, serial_bayou_pond_d
D:3:      layout_basic, mainiacjoe_overflow_surrounded_room,
          serial_bayou_pond_a, nicolae_concentric_dashed_squares_mild, uniq_ijyb

Skill      XL: |  1  2  3 |
---------------+----------+-----
Ranged Weapons | 3 4 |  4.5
Fighting       | 2 |  2.0
Dodging        | |  2.1
Spellcasting   | |  1.0
Hexes          | |  2.0

Action                     || total
---------------------------++-------
   Fire: Sling             ||   122
    Use: Scroll            ||     3
 Armour: Robe              ||     9
  Dodge: Dodged            ||    42

Table legend:
 A = Non-vault XP
 B = Vault XP
 C = Vault XP percentage of total XP
 D = Non-vault monster count
 E = Vault monster count
 F = Vault count percentage of total count
                 A         B        C        D         E       F
            +---------+---------+-------+---------+---------+-------
      Total |      96 |       0 |   0.0 |      35 |       0 |   0.0
            +---------+---------+-------+---------+---------+-------
        D:1 |      33 |       0 |   0.0 |      21 |       0 |   0.0
        D:2 |      63 |       0 |   0.0 |      14 |       0 |   0.0
            +---------+---------+-------+---------+---------+-------
